 Dungeon Crawl Stone Soup version 0.21-a0-504-g2eda330 (webtiles) character file.

16 Gwenloh the Charlatan (level 2, -5/14 HPs)
             Began as a Spriggan Artificer on Nov 26, 2017.
             Slain by a gnoll
             ... wielding a cursed -2 whip
              (10 damage)
             ... on level 1 of the Dungeon.
             The game lasted 00:03:43 (597 turns).

Gwenloh the Charlatan (Spriggan Artificer)           Turns: 597, Time: 00:03:44

Health: -5/14      AC:  2    Str:  8    XL:     2   Next: 41%
Magic:  6/6        EV: 19    Int: 12    God:
Gold:   0          SH:  0    Dex: 16    Spells: 1/1 levels left

rFire    . . .     SeeInvis +   a - +0 short sword
rCold    . . .     Gourm    .   (shield restricted)
rNeg     . . .     Faith    .   b - +0 robe
rPois    .         Spirit   .   (helmet restricted)
rElec    .         Reflect  .   (no cloak)
rCorr    .         Harm     .   (gloves unavailable)
MR       .....                  (boots unavailable)
Stlth    ++........             (no amulet)
HPRegen  0.04/turn              (no ring)
MPRegen  0.10/turn              (no ring)

@: very quick
A: very small, unfitting armour, see invisible, herbivore 3, speed 3, slow
metabolism 2
a: no special abilities


You were on level 1 of the Dungeon.
You were not hungry.

You visited 1 branch of the dungeon, and saw 1 of its levels.

Inventory:

Hand Weapons
 a - a +0 short sword (weapon)
Missiles
 h - 4 stones (quivered)
Armour
 b - a +0 robe (worn)
Wands
 c - a wand of flame (12)
 d - a wand of enslavement (10)
 e - a wand of random effects (15)
Potions
 g - a potion of might {unknown}
Comestibles
 f - a bread ration


   Skills:
 - Level 0.7 Fighting
 + Level 1.6 Short Blades
 + Level 3.4 Dodging
 + Level 2.3 Stealth
 + Level 4.3 Evocations


You had one spell level left.
You didn't know any spells.

Dungeon Overview and Level Annotations

Branches:
Dungeon (1/15)

Altars:


Innate Abilities, Weirdness & Mutations

You are very small and have problems with some larger weapons.
You are too small for most types of armour.
You have supernaturally acute eyesight. (SInv)
You are a herbivore.
You cover ground extremely quickly.
You need consume almost no food.


Message History

Your giant cockroach bites the gnoll but does no damage.
Evoke which item? (* to show all) (? for menu, Esc to quit)
Aiming: Throw Flame
Press: ? - help, Shift-Dir - straight line, f - gnoll, p - giant cockroach
Aim: a gnoll, wielding an enchanted whip (lightly wounded)
The puff of flame misses the gnoll.
The gnoll barely misses you.
Your giant cockroach closely misses the gnoll.
Evoke which item? (* to show all) (? for menu, Esc to quit)
Aiming: Throw Flame
Press: ? - help, Shift-Dir - straight line, f/p - gnoll
Aim: a gnoll, wielding an enchanted whip (lightly wounded)
The puff of flame hits the gnoll.
The gnoll is severely wounded.
The gnoll closely misses you.
Your giant cockroach bites the gnoll.
You hit the gnoll but do no damage.
The gnoll is severely wounded.
Your giant cockroach bites the gnoll.
The gnoll hits you with an enchanted whip!
Ouch! That really hurt!
You die...

.......s..?.g.. # #.#
#K## #..# #
#########s######## #.
#............s.s..
#.##.............K...
#....###############.
#.!.@# ##.......## #.
#..sg###.........###.
#....##...........##.
#...#.†............)#
##...##..........)##.
#... ##.........###.
#... ##..)....## #.
#... ######### #.
###. ..


You could see a gnoll and a friendly giant cockroach.

Vanquished Creatures
  A giant cockroach (D:1)
  A goblin (D:1)
  A hobgoblin (D:1)
  2 kobolds (D:1)
  2 bats (D:1)
  11 rats (D:1)
18 creatures vanquished.

Vanquished Creatures (collateral kills)
  A rat (D:1)
1 creature vanquished.

Vanquished Creatures (others)
  A hobgoblin (D:1)
  2 rats (D:1)
3 creatures vanquished.

Grand Total: 22 creatures vanquished

Notes
Turn   | Place    | Note
-------+----------+-------------------------------------------
     0 | D:1      | Gwenloh the Spriggan Artificer began the quest for the Orb.
     0 | D:1      | Reached XP level 1. HP: 9/9 MP: 4/4
    38 | D:1      | Reached XP level 2. HP: 7/14 MP: 6/6
   597 | D:1      | Slain by a gnoll

Vault maps used:
D:1:      erik_arrival_orb_chamber, lemuel_another_geyser

Skill      XL: |  1 |
---------------+----+-----
Stealth        | 2 |  2.3
Fighting       | |  0.7
Short Blades   | |  1.6
Dodging        | |  3.4
Evocations     | |  4.3

Action                   || total
-------------------------++-------
Melee: Short sword       ||    66
Evoke: Wand              ||     8
Armor: Robe              ||    13
Dodge: Dodged            ||    69

Table legend:
 A = Spawn XP
 B = Non-spawn XP
 C = Spawn XP percentage of total XP
 D = Spawn monster count
 E = Non-spawn monster count
 F = Spawn count percentage of total count
 G = Total turns spent on level
                    A         B        C        D         E        F      G
               +---------+---------+-------+---------+---------+-------+---------
         Total |       0 |      24 |   0.0 |       0 |      19 |   0.0 |   597
               +---------+---------+-------+---------+---------+-------+---------
           D:1 |       0 |      24 |   0.0 |       0 |      19 |   0.0 |   597
               +---------+---------+-------+---------+---------+-------+---------
